 Dungeon Crawl Stone Soup version 0.29-a0-350-g7790a0e70a (webtiles) character file.

Game seed: 6114732114890030250

2 HendSelp the Insei (level 1, -1/13 HPs)
             Began as an Octopode Transmuter on Apr 22, 2022.
             Killed from afar by a dart slug (4 damage)
             ... with a slug dart
             ... on level 1 of the Dungeon.
             The game lasted 00:00:09 (101 turns).

HendSelp the Insei (Octopode Transmuter)             Turns: 101, Time: 00:00:11

Health: -1/13      AC:  1    Str:  9    XL:     1   Next: 30%
Magic:  3/3        EV: 13    Int: 15    God:
Gold:   0          SH:  0    Dex: 12    Spells: 3/4 levels left

rFire   . . .      SeeInvis .     - Unarmed
rCold   . . .      Faith    .   (no shield)
rNeg    . . .      Spirit   .   (helmet restricted)
rPois   .          Reflect  .   (no amulet)
rElec   .          Harm     .   (no ring)
rCorr   .          Rampage  .   (no ring)
Will    .....                   (no ring)
Stlth   ++........              (no ring)
HPRegen 0.04/turn               (no ring)
MPRegen 0.08/turn               (no ring)
                                (no ring)
                                (no ring)

@: no status effects
A: almost no armour, amphibious, 8 rings, camouflage 1, gelatinous body 1,
(nimble swimmer 1), tentacles
a: no special abilities


You were on level 1 of the Dungeon.
You visited 1 branch of the dungeon, and saw 1 of its levels.

Inventory:

Potions
 a - a potion of lignification


   Skills:
 + Level 1.0 Fighting
 - Level 2.0 Dodging
 + Level 3.1 Unarmed Combat
 + Level 2.0 Spellcasting
 + Level 2.0 Transmutations


You had 3 spell levels left.
You knew the following spells:

 Your Spells              Type           Power      Damage    Failure   Level
a - Beastly Appendage     Tmut           14%        N/A       10%         1

Your spell library contained the following spells:

 Spells                   Type           Power      Damage    Failure   Level
 Wereblood                Tmut           7%         N/A       14%         2
 Spider Form              Tmut/Pois      4%         N/A       41%         3
 Ice Form                 Ice/Tmut       4%         N/A       82%         4


Dungeon Overview and Level Annotations

Branches:
Dungeon (1/15)

Altars:


Innate Abilities, Weirdness & Mutations

You cannot wear most types of armour.
You are amphibious.
You can wear up to eight rings at the same time.
Your skin changes colour to match your surroundings (Stealth+).
Your rubbery body absorbs attacks. (AC +1, EV +1)
((You are camouflaged when in or above water. (Stealth+)))
You have tentacles for arms and can constrict up to eight enemies at once.


Message History

The ball python bites you but does no damage.
The ball python barely misses you.
The kobold throws a stone.
The stone hits you. The ball python barely misses you.
The ball python misses you.
You tentacle-slap the ball python.
You kill the ball python!
The kobold throws a stone.
The stone hits you but does no damage.
The kobold throws a stone.
The stone hits you but does no damage. The dart slug launches a dart at you.
The slug dart misses you. The kobold misses you.
You barely miss the kobold. Your grab misses the kobold.
Your tentacle spike misses the kobold.
The kobold closely misses you. The kobold hits you with a +0 whip.
You are too injured to fight recklessly!
You are too injured to fight recklessly!
You are too injured to fight recklessly!
You are too injured to fight recklessly!
You are too injured to fight recklessly!
You are too injured to fight recklessly!
You are too injured to fight recklessly!
You are too injured to fight recklessly!
You are too injured to fight recklessly!
You are too injured to fight recklessly!
You are too injured to fight recklessly!
You are too injured to fight recklessly!
You are too injured to fight recklessly!
You are too injured to fight recklessly!
Unknown command.
You are too injured to fight recklessly!
You miss the kobold. Your grab misses the kobold.
The kobold completely misses you. The kobold misses you.
You barely miss the kobold. Your grab misses the kobold.
You pierce the kobold.
You kill the kobold!
Your tentacle spike disappears.
The kobold hits you with a +0 club.
* * * LOW HITPOINT WARNING * * *
The dart slug launches a dart at you. The slug dart hits you.
You die...

#### #..# ...###..# ##
.....# #..#### # ###
#.....### .# ..##
#..##...########.##
#..###..####..##........
##............##K.......
###...........#@)......
##........#.#........
.........#...†......
..)..................
##..........).....[...
#.........##.........
...................w.
####.###.....#.... ...
##....#...#


You could see a dart slug and a kobold.

Vanquished Creatures
  A giant cockroach (D:1)
  A ball python (D:1)
  A kobold (D:1)
3 creatures vanquished.

Notes
Turn   | Place    | Note
-------+----------+-------------------------------------------
     0 | D:1      | HendSelp the Octopode Transmuter began the quest for the
                  | Orb.
     0 | D:1      | Reached XP level 1. HP: 13/13 MP: 3/3
   101 | D:1      | Killed from afar by a dart slug

Illustrated notes

Levels and vault maps discovered:
D:1:      dpeg_arrival_ratfight, layout_rooms,
          dilly_ecumenical_altar_fadedgnrine, minmay_pentomino_x2

Action                   || total
-------------------------++-------
Melee: Unarmed           ||     8
       Constrict         ||     1
       Kick              ||     1
       Tentacles         ||     1
 Cast: Beastly Appendage ||     1
Armor: Skin              ||     3
Dodge: Dodged            ||    10

Table legend: (Time is in decaauts)
 A = Elapsed time spent in this place.
 B = Non-inter-level travel time spent in this place.
 C = Inter-level travel time spent in this place.
 D = Time resting spent in this place.
 E = Time spent auto-exploring this place.
 F = Levels seen in this place.
 G = Mean time per level.
                   A        B        C        D        E       F      G
               +--------+--------+--------+--------+--------+-----+--------+
         Total |    100 |    100 |      0 |      0 |     81 |   1 |  100.0 |
       Dungeon |    100 |    100 |      0 |      0 |     81 |   1 |  100.0 |
               +--------+--------+--------+--------+--------+-----+--------+

Top non-repeatable levels by time:
     D:1: 100 daAuts
